 Dungeon Crawl Stone Soup version 0.25.1-11-g244df3a29b (webtiles) character file.

Game seed: 11042874708850602088

1966370 DeepDeath the Conqueror (level 27, 288/288 HPs)
             Began as a Hill Orc Air Elementalist on Feb 2, 2024.
             Was a High Priest of Okawaru.
             Escaped with the Orb
             ... and 4 runes on Feb 6, 2024!
             The game lasted 08:25:27 (104380 turns).

DeepDeath the Conqueror (HOAE)                    Turns: 104380, Time: 08:25:27

Health: 288/288    AC: 34    Str: 29    XL:     27
Magic:  35/35      EV: 18    Int: 15    God:    Okawaru [*****.]
Gold:   6552       SH:  4    Dex: 13    Spells: 12/42 levels left

rFire    + . .     SeeInvis +   w - +8 frozen axe "Frostbite" {freezing cloud, *Noise +Fly rC+}
rCold    + + +     Gourm    .   (shield currently unavailable)
rNeg     + . .     Faith    .   H - +6 chain mail "Lexemn" {*Corrode rF++ SInv}
rPois    +         Spirit   .   (no helmet)
rElec    +         Reflect  .   O - +2 cloak {rCorr}
rCorr    +         Harm     .   W - +2 pair of gloves {archery}
MR       +++..                  t - +0 pair of boots of the Vaults {Str+7}
Stlth    +.........             l - amulet of Vitality {Regen+ HP+15}
HPRegen  0.98/turn              L - ring of Kywat {+Fly rN+ MR+ Stlth+}
MPRegen  0.24/turn              o - ring "Vuolopt" {rElec rPois rF- rC++}

@: finesse, hasted, very quick
A: large bone plates 1, yellow scales 1, camouflage 1, blurry vision 1, poison
resistance, electricity resistance, subdued magic 1
0: Orb of Zot
}: 4/15 runes: decaying, silver, abyssal, gossamer
a: Heroism, Finesse, Renounce Religion, Evoke Flight


You escaped.
You worshipped Okawaru.
Okawaru was extremely pleased with you.
You were not hungry.

You visited 10 branches of the dungeon, and saw 52 of its levels.
You visited the Abyss 1 time.
You visited 1 bazaar.
You also visited: Volcano.

You collected 14769 gold pieces.
You spent 8217 gold pieces at shops.

Inventory:

Hand Weapons
 d - a +6 trishula of holy wrath
 e - a +5 battleaxe of electrocution
 q - the +7 fustibalus of Lofoyl {flame, MR+ Str+2 Dex+3}
   (You found it on level 2 of the Depths)

   It causes projectiles fired from it to burn those they strike, causing extra
   injury to most foes and up to half again as much damage against particularly
   susceptible opponents.
   It affects your strength (+2).
   It affects your dexterity (+3).
   It affects your resistance to hostile enchantments.
 s - a +6 battleaxe of flaming
 v - a +4 vampiric battleaxe
 w - the +8 frozen axe "Frostbite" (weapon) {freezing cloud, *Noise +Fly rC+}
   (You acquired it on level 4 of the Realm of Zot)

   It has been specially enchanted to freeze those struck by it, causing extra
   injury to most foes and up to half again as much damage against particularly
   susceptible opponents.
   It can also slow down cold-blooded creatures.
   It protects you from cold.
   It lets you fly.
   It may make noises in combat.
Missiles
 x - 300 sling bullets
 A - 7 silver boomerangs (quivered)
 J - 28 javelins
 N - 3 throwing nets
 S - 12 silver javelins
 Z - 9 curare-tipped darts
Armour
 t - the +0 pair of boots of the Vaults (worn) {Str+7}
   (Okawaru gifted it to you on level 1 of the Spider Nest)

   It affects your strength (+7).
 G - a +2 helmet of intelligence
 H - the +6 chain mail "Lexemn" (worn) {*Corrode rF++ SInv}
   (You found it on level 5 of the Vaults)

   It greatly protects you from fire.
   It lets you see invisible.
   It may corrode you when you take damage.
 O - a +2 cloak of preservation (worn)
 W - a +2 pair of gloves of archery (worn)
Jewellery
 l - the amulet of Vitality (around neck) {Regen+ HP+15}
   (You bought it in a shop on level 1 of the Depths)

   [amulet of regeneration]

   It affects your health (+15).
   It increases your rate of regeneration.
 o - the ring "Vuolopt" (right hand) {rElec rPois rF- rC++}
   (You took it off a deep elf master archer on level 3 of the Elven Halls)

   [ring of poison resistance]

   It makes you vulnerable to fire.
   It greatly protects you from cold.
   It insulates you from electricity.
   It protects you from poison.
 K - an uncursed ring of protection from fire
 L - the ring of Kywat (left hand) {+Fly rN+ MR+ Stlth+}
   (You found it on level 3 of the Crypt)

   [ring of positive energy]

   It protects you from negative energy.
   It affects your resistance to hostile enchantments.
   It lets you fly.
   It makes you more stealthy.
Wands
 a - a wand of disintegration (36)
 u - a wand of enslavement (23)
 B - a wand of paralysis (70)
 D - a wand of clouds (20)
 F - a wand of acid (23)
 T - a wand of iceblast (38)
 X - a wand of digging (4)
Scrolls
 g - a scroll of blinking
 i - 5 scrolls of fog
 j - 6 scrolls of teleportation
 p - 7 scrolls of fear
 y - 2 scrolls of magic mapping
 z - 2 scrolls of holy word
 C - 31 scrolls of remove curse
 M - 8 scrolls of identify
 U - 2 scrolls of silence
Potions
 b - 6 potions of heal wounds
 c - 13 potions of curing
 k - a potion of invisibility
 m - 4 potions of berserk rage
 n - 13 potions of flight
 r - 3 potions of might
 P - 3 potions of cancellation
 V - 4 potions of mutation
 Y - 2 potions of ambrosia
Miscellaneous
 I - 3 boxes of beasts
 Q - a lightning rod (4/4)
 R - 8 phantom mirrors
Comestibles
 f - 41 rations


   Skills:
 O Level 27 Fighting
 + Level 25.8(27) Axes
   Level 12.1(19.0) Maces & Flails
 - Level 9.2(17.7) Polearms
   Level 5.9(10.1) Staves
 - Level 12.9(15.3) Slings
 - Level 14.1(16.0) Throwing
 - Level 22.0 Armour
 + Level 15.3 Dodging
 - Level 5.0 Stealth
 - Level 8.0 Spellcasting
 - Level 8.0 Conjurations
 - Level 9.0 Hexes
 + Level 10.8 Charms
 - Level 4.0 Necromancy
 - Level 4.0 Translocations
 - Level 5.0 Air Magic
 - Level 2.0 Earth Magic
 - Level 6.0 Poison Magic
 - Level 15.0 Invocations
 - Level 6.0 Evocations


You had 12 spell levels left.
You knew the following spells:

 Your Spells              Type           Power        Failure   Level  Hunger
a - Airstrike             Air            ###.......   32%         4    ####...
d - Magic Dart            Conj           ###.         1%          1    None
g - Shroud of Golubria    Chrm/Tloc      ###...       1%          2    None
h - Static Discharge      Conj/Air       ###.....     4%          3    ##.....
i - Infusion              Chrm           ####         1%          1    None
n - Swiftness             Chrm/Air       ###.....     1%          2    None
p - Mephitic Cloud        Conj/Pois/Air  ###.....     5%          3    ##.....
q - Animate Skeleton      Necr           N/A          4%          1    None
s - Stone Arrow           Conj/Erth      ###...       10%         3    ##.....
t - Tukima's Dance        Hex            ####....     1%          3    ##.....
w - Spectral Weapon       Hex/Chrm       ####....     1%          3    ##.....
y - Song of Slaying       Chrm           ####....     1%          2    None
z - Shock                 Conj/Air       ###.         1%          1    None
A - Apportation           Tloc           ##....       4%          1    None

Your spell library contained the following spells:

 Spells                   Type           Power        Failure   Level  Hunger
 Corona                   Hex            ####...      1%          1    None
 Slow                     Hex            ####....     1%          2    None
 Confusing Touch          Hex            ####....     1%          3    ##.....
 Dazzling Flash           Conj/Hex       ###...       1%          3    ##.....
 Poisonous Vapours        Pois/Air       ###...       3%          2    None
 Foxfire                  Conj/Fire      ##..         4%          1    None
 Pain                     Necr           ##..         4%          1    None
 Portal Projectile        Hex/Tloc       ###...       4%          3    ##.....
 Corpse Rot               Necr/Air       N/A          5%          2    None
 Ensorcelled Hibernation  Hex/Ice        ###...       5%          2    None
 Cause Fear               Hex            ####......   6%          4    ####...
 Sting                    Tmut/Pois      ##..         7%          1    None
 Blink                    Tloc           N/A          7%          2    None
 Sublimation of Blood     Necr           ##........   7%          2    None
 Ozocubu's Armour         Chrm/Ice       ###.....     8%          3    ##.....
 Sandblast                Erth           #.....       11%         1    None
 Inner Flame              Hex/Fire       ###.....     12%         3    ##.....
 Conjure Flame            Conj/Fire      ##......     14%         3    ##.....
 Gell's Gravitas          Tloc           ##........   14%         3    ##.....
 Lesser Beckoning         Tloc           ##........   14%         3    ##.....
 Vampiric Draining        Necr           ##........   14%         3    ##.....
 Spider Form              Tmut/Pois      ##........   22%         3    ##.....
 Beastly Appendage        Tmut           #.....       26%         1    None
 Freeze                   Ice            #...         26%         1    None
 Summon Butterflies       Summ           #.......     26%         1    None
 Summon Small Mammal      Summ           #...         26%         1    None
 Passwall                 Tmut/Erth      #.......     26%         2    None
 Leda's Liquefaction      Hex/Erth       ###.......   26%         4    ####...
 Ignite Poison            Fire/Tmut/Pois #.......     32%         3    ##.....
 Recall                   Summ/Tloc      N/A          32%         3    ##.....
 Call Imp                 Summ           #.......     36%         2    None
 Sticks to Snakes         Tmut           #.......     36%         2    None
 Silence                  Hex/Air        ###.......   38%         5    #####..
 Animate Dead             Necr           N/A          45%         4    ####...
 Dispel Undead            Necr           ##......     45%         4    ####...
 Hailstorm                Conj/Ice       ##......     45%         4    ####...
 Sticky Flame             Conj/Fire      ##......     45%         4    ####...
 Lightning Bolt           Conj/Air       ###.......   45%         5    #####..
 Call Canine Familiar     Summ           #.......     61%         3    ##.....
 Frozen Ramparts          Ice            #.....       61%         3    ##.....
 Summon Lightning Spire   Summ/Air       ##......     67%         4    ####...
 Darkness                 Hex            ####......   71%         6    #######
 Invisibility             Hex            ####....     71%         6    #######
 Metabolic Englaciation   Hex/Ice        ###.......   75%         5    #####..
 Summon Mana Viper        Hex/Summ       ###.....     75%         5    #####..
 Yara's Violent Unravell  Hex/Tmut       ###.......   75%         5    #####..
 Agony                    Necr           ##......     82%         5    #####..
 Fireball                 Conj/Fire      ##........   82%         5    #####..
 Irradiate                Conj/Tmut      ##........   82%         5    #####..
 Petrify                  Tmut/Erth      #.......     87%         4    ####...
 Alistair's Intoxication  Tmut/Pois      ##......     92%         5    #####..
 Borgnjor's Vile Clutch   Necr/Erth      ##........   92%         5    #####..
 Ice Form                 Ice/Tmut       #.......     95%         4    ####...
 Summon Ice Beast         Ice/Summ       #.......     95%         4    ####...
 Conjure Ball Lightning   Conj/Air       ###.......   96%         6    #######
 Lee's Rapid Deconstruct  Erth           #.........   98%         5    #####..
 Summon Forest            Summ/Tloc      #.........   98%         5    #####..
 Aura of Abjuration       Summ           #.........   100%        5    #####..
 Blade Hands              Tmut           #.........   100%        5    #####..
 Summon Demon             Summ           #.........   100%        5    #####..
 Death Channel            Necr           ##........   100%        6    #######
 Eringya's Noxious Bog    Tmut/Pois      ##........   100%        6    #######
 Freezing Cloud           Conj/Ice/Air   ##........   100%        6    #######
 Hydra Form               Tmut           #.........   100%        6    #######
 Ozocubu's Refrigeration  Ice            #.........   100%        6    #######
 Shadow Creatures         Summ           N/A          100%        6    #######
 Simulacrum               Ice/Necr       #.........   100%        6    #######
 Statue Form              Tmut/Erth      #........    100%        6    #######
 Dragon Form              Tmut           #.........   100%        7    #######
 Malign Gateway           Summ/Tloc      #.........   100%        7    #######
 Monstrous Menagerie      Summ           #.........   100%        7    #######
 Ring of Flames           Chrm/Fire      ###.......   100%        7    #######
 Summon Greater Demon     Summ           #.........   100%        7    #######
 Summon Hydra             Summ           #.........   100%        7    #######
 Death's Door             Chrm/Necr      ###.......   100%        8    #######
 Discord                  Hex            ####......   100%        8    #######
 Ignition                 Fire           #.........   100%        8    #######
 Summon Horrible Things   Summ           #.........   100%        8    #######
 Dragon's Call            Summ           #.........   100%        9    #######
 Tornado                  Air            ###.......   100%        9    #######


Dungeon Overview and Level Annotations

Branches:
Dungeon (15/15)            Temple (0/1) D:6            Lair (6/6) D:10
  Swamp (4/4) Lair:2       Spider (4/4) Lair:4        Slime (0/5) Lair:5
    Orc (2/2) D:11            Elf (3/3) Orc:2        Vaults (5/5) D:13
  Crypt (3/3) Vaults:3       Tomb (0/3) Crypt:3      Depths (5/5) D:15
    Zot (5/5) Depths:5    Volcano (visited)

Altars:
Ashenzari
Dithmenos
Elyvilon
Fedhas
Hepliaklqana
Kikubaaqudgha
Makhleb
Nemelex Xobeh
Okawaru
Qazlal
Ru
Sif Muna
Trog
Uskayaw
Vehumet
Wu Jian
Yredelemnul
The Shining One
Jiyva

Shops:
D:4 ?*(   D:5 *   D:9 =   D:11 (   Orc:2 =!=[   Elf:2 *   Vaults:3 [
Vaults:4 (   Depths:1 ==   Depths:2 ?   Depths:4 :   Depths:5 :%*

Portals:
Hell: Depths:1 Depths:2 Depths:3 Depths:4 Depths:5
Abyss: Depths:2 Depths:4
Pandemonium: Depths:1 Depths:2 Depths:3 Depths:5
Ziggurat: Depths:1


Innate Abilities, Weirdness & Mutations

You are partially covered in large bone plates. (SH +4)
You are partially covered in yellow scales. (AC +2)
Your skin changes colour to match your surroundings (Stealth+).
Scrolls take you a little longer to read.
Your system is resistant to poisons. (rPois)
You are resistant to electric shocks. (rElec)
Your spells are a little easier to cast, but a little less powerful.


Message History

A mysterious force pulls you upwards. The hatch slams shut behind you.
Unknown command.
There is a stone staircase leading up here.
You climb upwards.
There is a stone staircase leading down here.
Unknown command.
There is a stone staircase leading up here.
You climb upwards.
There is a stone staircase leading down here.
You feel yourself speed up.
Evoke which item? (* to show all) (? for menu, Esc to quit)
Aiming: Dig
Press: ? - help, Shift-Dir - straight line This square is covered in magical glow.
The rock shatters into small pieces.
There is a staircase leading out of the dungeon here.
Your +6 trishula of holy wrath stops glowing.
The +8 frozen axe "Frostbite" {freezing cloud, *Noise +Fly rC+} glows with a cold blue light!
w - the +8 frozen axe "Frostbite" (weapon)
{freezing cloud, *Noise +Fly rC+} You have escaped!

#.####.......##..........#.......
#....+...........................
######....##.....................
....##....##...............[.....
.................................
.....[.........########..........
...............#..........>......
...............##....##....#####.
....#..........#@.#...#....# #.
..............####.#.####### #.
.#............#####....## #.
.#..............# ##.#..## #†
.#.....###......# ####..## ###.
.......# #......#### #.#..####...
.......###......#..# ###.##.##.##
................##.## #..†....#
....#...........###.#######.#.##


There were no monsters in sight!

Vanquished Creatures
  9 orbs of fire (Zot:5)
  Mara (Swamp:4)
  6 ancient liches
  A juggernaut (Depths:4)
  Saint Roka (Depths:2)
  2 curse toes
  Margery (Vaults:4)
  Frederick (Crypt:2)
  5 Killer Klowns
  A pandemonium lord (Depths:1)
  4 caustic shrikes
  11 golden dragons
  Nikola (Elf:1)
  A profane servitor (Crypt:3)
  Jory (Crypt:3)
  the Enchantress (Depths:2)
  Arachne (Spider:2)
  A Brimstone Fiend (D:14)
  3 bone dragons
  3 electric golems
  3 hellephants
  5 liches
  Rupert (D:15)
  An Ice Fiend (D:5)
  15 tentacled monstrosities
  4 titans
  8 quicksilver dragons
  26 Orb Guardians
  2 deep elf master archers (Elf:3)
  2 deep elf blademasters (Elf:3)
  6 sphinxes
  2 Executioners
  2 ancient champions
  9 tentacled starspawn
  5 death cobs
  2 revenants
  3 thorn hunters
  11 shadow dragons
  3 tengu reavers
  14 storm dragons
  6 draconian monks
  15 fire giants
  8 deep elf sorcerers
  3 ghost moths
  7 draconian knights
  2 iron dragons
  A draconian scorcher (Zot:1)
  12 frost giants
  16 vault wardens
  8 emperor scorpions
  12 draconian shifters
  A deep elf elementalist (Elf:3)
  A balrug (Depths:2)
  2 orc warlords
  Louise (D:15)
  A curse skull (Crypt:2)
  32 very ugly things
  4 draconian stormcallers
  2 ghouls
  2 reapers
  4 spriggan defenders
  7 draconian annihilators
  3 war gargoyles (Vaults:5)
  15 green draconians
  19 ironheart preservers
  15 vampire knights
  23 stone giants
  11 deep elf demonologists
  The ghost of Gadfly the Grappler, a journeyman DrTm of the Shining One (Lair:6)
  6 dire elephants (Abyss:3)
  A spectral titan (Crypt:3)
  5 entropy weavers
  14 black draconians
  12 deep elf annihilators
  A minotaur (D:11)
  8 spark wasps
  7 purple draconians
  9 red draconians
  10 white draconians
  6 yellow draconians
  3 eidola
  14 fire dragons
  The ghost of Quwyan the Nimble, a journeyman KoHu of Okawaru (Lair:3)
  Snorg (Lair:4)
  16 ettins
  The ghost of Deesahac the Severer, a journeyman BaFi of Cheibriados (Lair:3)
  A blizzard demon (Depths:3)
  A crystal guardian (Vaults:1)
  2 merfolk impalers (Depths:1)
  14 deep elf death magi
  3 green deaths
  Josephine (D:14)
  A death ooze (Swamp:4)
  Harold (D:15)
  8 great orbs of eyes
  22 jiangshi
  20 yaktaur captains
  10 ice dragons
  7 deep elf high priests
  The ghost of phiIosophr the Archer, a journeyman CeHu of Nemelex Xobeh (D:11)
  15 hydras
  27 vault guards
  8 spriggan air magi
  2 hell beasts (Swamp:4)
  9 centaur warriors
  A shambling mangrove (Swamp:3)
  A spectral shadow dragon (Crypt:3)
  Erica (D:15)
  13 rakshasas
  8 death knights
  3 catoblepae (Lair:6)
  44 two-headed ogres
  14 death yaks
  16 ogre magi
  23 dancing weapons
  4 tengu warriors
  10 deep troll shamans
  7 hell hogs
  16 alligators
  11 deep troll earth magi
  A titan zombie (Depths:2)
  5 vampire magi
  Urug (D:15)
  2 sun demons
  8 soul eaters
  5 hell knights
  5 spriggan berserkers
  11 thrashing horrors
  29 deep elf knights
  Sonja (D:12)
  An iron troll (Depths:1)
  A spectral anaconda (Crypt:3)
  A titan skeleton (Abyss:3)
  32 skeletal warriors
  7 wretched stars
  5 shadow wraiths
  4 spatial maelstroms (Abyss:3)
  An anaconda zombie (Abyss:3)
  A sixfirhy (Abyss:3)
  2 unseen horrors (shapeshifter)
  A shadow demon (Zot:5)
  12 swamp dragons
  2 spriggan druids
  16 ironbrand convokers
  An obsidian statue (Depths:3)
  4 flayed ghosts
  An infernal demonspawn (Depths:2)
  An orange crystal statue (Zot:5)
  38 deep trolls
  7 unseen horrors
  13 wizards
  27 deep elf archers
  3 glowing orange brains
  Pikel (D:8)
  A tengu zombie (Depths:3)
  10 phantasmal warriors
  8 harpies
  11 necromancers
  A spectral hydra (Crypt:3)
  A frost giant zombie (Abyss:3)
  18 orc knights
  17 orb spiders
  A harpy (shapeshifter) (Vaults:3)
  The ghost of Gadfly the Chiller, a novice BaIE (D:5)
  9 cyclopes
  47 ugly things
  76 deep elf magi
  33 wolf spiders
  2 shadow dragon skeletons
  A stone giant skeleton (Crypt:1)
  23 moths of wrath
  9 elephants
  6 orc sorcerers
  4 manticores
  A centaur zombie (D:15)
  A moth of wrath (shapeshifter) (Depths:3)
  4 apocalypse crabs (Abyss:3)
  4 salamanders
  A titan simulacrum (Depths:4)
  2 worldbinders (Abyss:3)
  An elephant (shapeshifter) (Depths:3)
  4 black mambas
  An eye of devastation (shapeshifter) (Vaults:5)
  2 fire giant skeletons
  A guardian serpent (Abyss:3)
  A rust devil (Depths:3)
  10 smoke demons
  2 gargoyles
  22 vault sentinels
  A water nymph (shapeshifter) (Elf:3)
  5 spectral swamp worms (Depths:4)
  5 orange demons
  16 spiny frogs
  4 torpor snails
  14 freezing wraiths
  A white draconian zombie (Crypt:2)
  2 rime drakes
  A rime drake (shapeshifter) (Depths:2)
  2 efreet
  17 demonic crawlers
  2 komodo dragons (shapeshifter)
  8 komodo dragons
  A kobold demonologist (Crypt:2)
  4 tengu conjurers
  A tormentor (Abyss:3)
  4 hellwings
  A golden dragon simulacrum (Depths:4)
  8 ancient zymes
  44 yaktaurs
  A pale draconian skeleton (Crypt:1)
  3 red devils
  A queen ant zombie (Crypt:1)
  6 trolls
  2 ice devils
  A merfolk (shapeshifter) (Elf:1)
  A queen bee (Spider:2)
  A silent spectre (Crypt:2)
  The ghost of Berzach the Ducker, an amateur BaMo (D:6)
  A wind drake (shapeshifter) (Elf:1)
  2 polar bears
  A purple draconian skeleton (Crypt:1)
  10 tyrant leeches
  29 hornets
  27 jumping spiders
  A polar bear (shapeshifter) (Vaults:1)
  2 queen bees (shapeshifter)
  A raiju (shapeshifter) (Vaults:5)
  54 slime creatures
  A wolf spider simulacrum (Abyss:3)
  8 hippogriffs
  18 blink frogs
  13 bog bodies
  19 raiju
  11 dream sheep
  A frost giant simulacrum (Vaults:3)
  A stone giant simulacrum (Depths:2)
  18 starcursed masses (Abyss:3)
  63 flying skulls
  A redback (shapeshifter) (D:14)
  35 tarantellas
  A meliai zombie (D:13)
  A spriggan (shapeshifter) (Vaults:1)
  13 shadows
  4 air elementals
  A spriggan simulacrum (Depths:4)
  21 large abominations
  17 spriggans
  A wyvern (shapeshifter) (Depths:4)
  A dire elephant simulacrum (Abyss:3)
  8 ynoxinuls
  99 redbacks
  49 yaks
  2 fire bats (Volcano)
  A yak (shapeshifter) (Depths:5)
  9 water elementals
  A wind drake zombie (Crypt:2)
  19 humans (D:13)
  2 vampires
  6 wyverns
  3 fire elementals (Elf:1)
  20 wraiths
  2 golden eyes (Abyss:3)
  A hungry ghost (Abyss:3)
  A basilisk (shapeshifter) (Abyss:3)
  3 chaos spawn
  7 neqoxecs
  3 basilisks
  7 small abominations
  6 vampire mosquitoes
  A steam dragon (Lair:2)
  An elf skeleton (Depths:3)
  5 spatial vortices (Abyss:3)
  11 wargs
  A soldier ant (D:11)
  15 swamp worms
  4 acid dragons
  14 insubstantial wisps
  A water nymph zombie (Crypt:2)
  10 water moccasins
  An orb spider zombie (Crypt:2)
  16 hell hounds
  3 porcupines
  4 sky beasts
  6 swamp drakes
  An eye of draining (Zot:1)
  41 orc warriors
  4 phantoms
  9 necrophages
  3 ice beasts
  2 slaves (D:8)
  4 black bears
  11 boggarts
  2 black bears (shapeshifter)
  An ettin simulacrum (Vaults:3)
  7 wolves
  65 ogres
  6 centaurs
  A centaur (shapeshifter) (Depths:2)
  11 crocodiles
  15 bullfrogs
  A gnoll sergeant (D:10)
  2 earth elementals
  An octopode zombie (Crypt:1)
  A glowing shapeshifter simulacrum (Depths:4)
  A wyvern zombie (D:14)
  A water moccasin zombie (D:10)
  A scorpion (shapeshifter) (Depths:1)
  A water moccasin skeleton (D:8)
  6 scorpions
  16 killer bees
  19 wights
  2 electric eels
  5 howler monkeys
  5 jellies
  A raiju skeleton (Crypt:2)
  20 crimson imps
  3 quasits
  A bullfrog zombie (D:12)
  6 hounds
  6 centaur skeletons
  23 orc priests
  3 bullfrog skeletons
  19 orc wizards
  6 iron imps
  2 iguanas
  12 worker ants
  A porcupine skeleton (Crypt:2)
  An ogre zombie (Crypt:1)
  2 hound zombies
  2 hound skeletons
  A worker ant zombie (D:5)
  9 gnolls
  9 adders
  A scorpion zombie (Crypt:1)
  A howler monkey skeleton (D:4)
  4 shadow imps
  6 white imps
  2 worker ant simulacra (D:6)
  An ufetubus (Abyss:3)
  2 adder zombies
  2 adder skeletons
  6 worms
  4 dart slugs
  5 leopard geckos
  98 orcs
  A ball python (D:1)
  4 giant cockroaches
  7 hobgoblins
  4 jackals
  2 kobolds
  3 quokkas
  A ball python skeleton (D:3)
  10 bats
  3 frilled lizards
  A giant cockroach zombie (D:6)
  5 goblins
  A goblin skeleton (Crypt:2)
  A quokka zombie (D:7)
  6 rats
  A rat zombie (Crypt:2)
  2 bushes (Lair:3)
  6 crawling corpses
  A fungus (Swamp:1)
  A lurking horror (Abyss:3)
  A plant (Lair:3)
  5 starspawn tentacles (Abyss:3)
2886 creatures vanquished.

Vanquished Creatures (collateral kills)
  Mennas (Vaults:4)
1 creature vanquished.

Vanquished Creatures (others)
  2 draconian knights (Zot:2)
  2 two-headed ogres (Volcano)
  A deep troll (Vaults:5)
  A large abomination (Abyss:3)
  An ancient zyme (Abyss:3)
  2 blink frogs (Abyss:3)
  A ynoxinul (Abyss:3)
  A human (Crypt:2)
  2 golden eyes (Abyss:3)
  A chaos spawn (Zot:1)
  2 small abominations (Abyss:3)
  A centaur (Volcano)
  3 bushes (Depths:1)
  6 fungi
  5 plants
  6 spectral weapons
  14 starspawn tentacles
  4 toadstools (Swamp:1)
  6 withered plants
61 creatures vanquished.

Grand Total: 2948 creatures vanquished

Notes
Turn   | Place    | Note
-------+----------+-------------------------------------------
     0 | D:1      | DeepDeath the Hill Orc Air Elementalist began the quest for
                  | the Orb.
     0 | D:1      | Reached XP level 1. HP: 14/14 MP: 3/3
   462 | D:1      | Reached XP level 2. HP: 19/20 MP: 2/4
   906 | D:1      | Reached skill level 1 in Axes
   971 | D:1      | Reached XP level 3. HP: 21/26 MP: 0/5
  1144 | D:1      | Learned a level 2 spell: Swiftness
  1979 | D:2      | Found an ancient bone altar of Kikubaaqudgha.
  2133 | D:2      | Found a shimmering blue altar of Sif Muna.
  2135 | D:2      | Found a radiant altar of Vehumet.
  2137 | D:2      | Identified Kikubaaqudgha's Disquisition on Evil
  2491 | D:1      | Learned a level 3 spell: Static Discharge
  2815 | D:3      | Found a shattered altar of Ashenzari.
  3152 | D:2      | Reached XP level 4. HP: 33/33 MP: 2/7
  3769 | D:3      | Reached XP level 5. HP: 38/38 MP: 8/8
  3928 | D:3      | Reached skill level 5 in Axes
  4316 | D:3      | Reached XP level 6. HP: 45/45 MP: 6/9
  4348 | D:3      | Found a blossoming altar of Fedhas.
  4350 | D:3      | Found a burning altar of Makhleb.
  4350 | D:3      | Found a hide-covered altar of Uskayaw.
  4350 | D:3      | Found a sparkling altar of Nemelex Xobeh.
  4352 | D:3      | Found an iron altar of Okawaru.
  4558 | D:3      | Became a worshipper of Warmaster Okawaru
  4802 | D:4      | Found Daporiv's Magic Scroll Shoppe.
  4868 | D:4      | Bought 2 scrolls of identify for 48 gold pieces
  4868 | D:4      | Bought a scroll of fear for 42 gold pieces
  4868 | D:4      | Bought a scroll of identify for 24 gold pieces
  4868 | D:4      | Bought a scroll of identify for 24 gold pieces
  4868 | D:4      | Bought a scroll of identify for 24 gold pieces
  4940 | D:4      | Found Curril's Assorted Antiques.
  5301 | D:4      | Reached skill level 1 in Fighting
  5301 | D:4      | Reached skill level 1 in Invocations
  5350 | D:4      | Reached * piety under Okawaru
  5350 | D:4      | Reached skill level 1 in Charms
  5350 | D:4      | Reached skill level 1 in Evocations
  5350 | D:4      | Reached XP level 7. HP: 52/52 MP: 3/10
  5409 | D:4      | Reached skill level 1 in Throwing
  6039 | D:3      | Reached skill level 2 in Fighting
  6258 | D:4      | Found Vusub's Antique Weapon Emporium.
  6585 | D:5      | Entered Level 5 of the Dungeon
  6634 | D:4      | Reached XP level 8. HP: 34/61 MP: 1/11
  6777 | D:5      | Found Vogh's General Store.
  7274 | D:5      | Found a white marble altar of Elyvilon.
  7486 | D:5      | Reached skill level 1 in Maces & Flails
  7930 | D:5      | Found a runed translucent door.
  7930 | D:5      | Noticed Gadfly's ghost (novice BaIE)
  8174 | D:5      | Bought a potion of resistance for 110 gold pieces
  8200 | D:6      | Noticed a yak
  8200 | D:6      | Noticed a yak
  8200 | D:6      | Noticed a yak
  8201 | D:6      | Noticed a yak
  8202 | D:6      | Noticed a yak
  8212 | D:5      | Killed a yak
  8623 | D:6      | Noticed a vampire
  8924 | D:6      | Found a transporter.
  8929 | D:6      | Found a transporter.
  8929 | D:6      | Noticed Berzach's ghost (amateur BaMo)
  9112 | D:6      | Killed a yak
  9112 | D:6      | Reached skill level 5 in Conjurations
  9123 | D:6      | Killed a yak
  9123 | D:6      | Reached XP level 9. HP: 17/67 MP: 1/13
  9502 | D:4      | Reached ** piety under Okawaru
  9502 | D:4      | Reached skill level 5 in Maces & Flails
  9681 | D:6      | Found a staircase to the Ecumenical Temple.
 10534 | D:6      | Found an iron altar of Okawaru.
 10820 | D:5      | Bought a scroll of teleportation for 33 gold pieces
 10921 | D:7      | Reached skill level 1 in Armour
 11841 | D:7      | Found an ornate altar of the Wu Jian Council.
 11945 | D:7      | Reached skill level 3 in Fighting
 12188 | D:6      | Learned a level 3 spell: Stone Arrow
 12193 | D:6      | Learned a level 4 spell: Airstrike
 12382 | D:8      | Reached XP level 10. HP: 77/77 MP: 14/14
 12781 | D:8      | Found a shadowy altar of Dithmenos.
 12916 | D:8      | Learned a level 1 spell: Magic Dart
 13051 | D:8      | Found a hazy altar of Hepliaklqana.
 13055 | D:8      | Found a sacrificial altar of Ru.
 13066 | D:8      | Found a glowing golden altar of the Shining One.
 13424 | D:4      | Bought a triangular lapis lazuli amulet for 130 gold pieces
 13629 | D:9      | Reached skill level 4 in Fighting
 13769 | D:9      | Noticed a two-headed ogre
 14003 | D:9      | Reached skill level 5 in Invocations
 14028 | D:9      | Found a stormy altar of Qazlal.
 14144 | D:9      | Found Borphiar's Jewellery Emporium.
 14382 | D:4      | Bought a scroll of identify for 52 gold pieces
 14471 | D:9      | Noticed Pikel
 14496 | D:8      | Killed Pikel
 14496 | D:8      | Reached *** piety under Okawaru
 14761 | D:9      | Reached skill level 1 in Earth Magic
 14820 | D:9      | Killed a two-headed ogre
 14820 | D:9      | Reached skill level 5 in Armour
 14902 | D:9      | Reached **** piety under Okawaru
 14902 | D:9      | Reached skill level 5 in Fighting
 15000 | D:9      | Learned a level 1 spell: Animate Skeleton
 15028 | D:10     | Entered Level 10 of the Dungeon
 15064 | D:10     | Reached XP level 11. HP: 77/88 MP: 15/15
 15213 | D:10     | Found a staircase to the Lair.
 15408 | D:10     | Reached skill level 1 in Necromancy
 16117 | D:11     | Reached skill level 6 in Fighting
 16136 | D:11     | Noticed a two-headed ogre
 16143 | D:11     | Found a staircase to the Orcish Mines.
 16173 | D:10     | Killed an unseen horror
 16173 | D:10     | Reached skill level 10 in Maces & Flails
 16287 | Lair:1   | Entered Level 1 of the Lair of Beasts
 16299 | Lair:1   | Received a gift from Okawaru
 16420 | Lair:1   | Noticed a five-headed hydra
 16442 | Lair:1   | Killed a five-headed hydra
 16442 | Lair:1   | Reached skill level 7 in Fighting
 16874 | Lair:1   | Reached skill level 1 in Polearms
 17759 | Lair:2   | You fall into a shaft and drop 2 floors!
 17760 | Lair:4   | Noticed a death yak
 17760 | Lair:4   | Noticed a death yak
 17767 | Lair:4   | Noticed a death yak
 17781 | Lair:4   | Killed a death yak
 17781 | Lair:4   | Reached XP level 12. HP: 42/100 MP: 10/17
 17781 | Lair:4   | Killed a death yak
 17781 | Lair:4   | Reached skill level 8 in Fighting
 17843 | Lair:4   | Noticed a death yak
 17859 | Lair:4   | Killed a death yak
 17859 | Lair:4   | Reached ***** piety under Okawaru
 17898 | Lair:4   | Killed a death yak
 17898 | Lair:4   | Reached skill level 5 in Polearms
 17998 | Lair:4   | Noticed a five-headed hydra
 18028 | Lair:4   | Killed a five-headed hydra
 18297 | Lair:3   | Found a runed translucent gate.
 18298 | Lair:3   | Found a runed translucent gate.
 18299 | Lair:3   | Found a runed translucent gate.
 18300 | Lair:3   | Noticed Quwyan's ghost (journeyman KoHu)
 18300 | Lair:3   | Noticed Deesahac's ghost (journeyman BaFi)
 18384 | Lair:2   | Found a staircase to the Swamp.
 18894 | D:9      | Bought an uncursed ring of poison resistance for 280 gold
                  | pieces
 19400 | Lair:3   | Received a gift from Okawaru
 20258 | Lair:3   | Noticed a six-headed hydra
 20270 | Lair:3   | Killed a six-headed hydra
 20278 | Lair:3   | Identified Qyom's Tome of Sinister Rites
 20444 | Lair:4   | Found a hole to the Spider Nest.
 20628 | Lair:4   | Received a gift from Okawaru
 20628 | Lair:4   | Reached XP level 13. HP: 90/108 MP: 18/18
 20890 | Lair:4   | Noticed Snorg
 20913 | Lair:4   | Killed Snorg
 21228 | Lair:5   | Found a dark tunnel.
 21246 | Volcano  | Entered a volcano
 21553 | Volcano  | Reached skill level 9 in Fighting
 22531 | Lair:5   | Found a viscous altar of Jiyva.
 22531 | Lair:5   | Found a staircase to the Slime Pits.
 23501 | Lair:5   | Reached skill level 10 in Axes
 23512 | Lair:5   | Found a shattered altar of Ashenzari.
 23848 | D:5      | Killed Gadfly's ghost
 24169 | D:9      | Bought an uncursed ring of protection from magic for 350
                  | gold pieces
 24281 | D:11     | Received a gift from Okawaru
 24384 | D:11     | Found a runed translucent gate.
 24408 | D:11     | Found Jirav's Antique Weapon Shoppe.
 24420 | D:11     | Found a runed translucent gate.
 24420 | D:11     | Found a runed translucent gate.
 24421 | D:11     | Noticed a minotaur
 24478 | D:11     | Noticed phiIosophr's ghost (journeyman CeHu)
 24820 | D:12     | Found a white marble altar of Elyvilon.
 24828 | D:12     | Reached skill level 10 in Fighting
 25033 | D:12     | Learned a level 1 spell: Infusion
 25036 | D:12     | Learned a level 2 spell: Song of Slaying
 25039 | D:12     | Learned a level 2 spell: Shroud of Golubria
 25160 | D:12     | Received a gift from Okawaru
 25333 | D:12     | Noticed Sonja
 25349 | D:12     | Killed Sonja
 25432 | D:12     | Reached skill level 1 in Translocations
 25533 | Orc:1    | Entered Level 1 of the Orcish Mines
 25568 | Orc:1    | Reached XP level 14. HP: 79/121 MP: 20/20
 25996 | D:11     | Bought a glowing war axe for 195 gold pieces
 25996 | D:11     | Bought a smoking hunting sling for 195 gold pieces
 25997 | D:11     | Identified the +9 hunting sling "Feshepn" {venom, +Fly rC+
                  | Int+4} (You bought it in a shop on level 11 of the Dungeon)
 26228 | Orc:2    | Entered Level 2 of the Orcish Mines
 26244 | Orc:2    | Found a staircase to the Elven Halls.
 26341 | Orc:2    | Noticed an orc warlord
 26354 | Orc:2    | Reached skill level 1 in Slings
 26378 | Orc:2    | Killed an orc warlord
 26830 | Orc:2    | Received a gift from Okawaru
 26909 | Orc:2    | Reached skill level 10 in Armour
 27101 | Orc:2    | Reached skill level 10 in Invocations
 27381 | Orc:2    | Received a gift from Okawaru
 27384 | Orc:2    | Got a scorched executioner's axe {god gift}
 27385 | Orc:2    | Identified the +6 executioner's axe of Fuinkypn {pain,
                  | *Slow +Fly MR+ Dex+2} (Okawaru gifted it to you on level 2
                  | of the Orcish Mines)
 27822 | D:4      | Bought a runed helmet for 195 gold pieces
 27822 | D:4      | Bought a scroll of identify for 52 gold pieces
 27822 | D:4      | Bought a potion of heal wounds for 130 gold pieces
 28111 | Orc:2    | Found Idunak's Jewellery Boutique.
 28111 | Orc:2    | Found Joadag's Armour Emporium.
 28113 | Orc:2    | Found Lyr Bung's Jewellery Shoppe.
 28113 | Orc:2    | Found Ukourer's Distillery.
 28427 | Orc:1    | Noticed an orc warlord
 28451 | Orc:1    | Killed an orc warlord
 28717 | Orc:2    | Bought an uncursed ring of see invisible for 210 gold
                  | pieces
 29092 | D:13     | Reached XP level 15. HP: 128/128 MP: 16/22
 29432 | D:13     | Received a gift from Okawaru
 29606 | D:13     | Reached skill level 5 in Slings
 29915 | D:13     | Received a gift from Okawaru
 30308 | D:13     | Found a gate to the Vaults.
 30534 | D:14     | Found a huge runed gate.
 30534 | D:14     | Found a huge runed gate.
 30534 | D:14     | Found a huge runed gate.
 30534 | D:14     | Found a huge runed gate.
 30536 | D:14     | Found a huge runed gate.
 30536 | D:14     | Found a huge runed gate.
 30538 | D:14     | Found a huge runed gate.
 30539 | D:14     | Found a huge runed gate.
 30539 | D:14     | Found a huge runed gate.
 30542 | D:14     | Found a huge runed gate.
 30543 | D:14     | Found a huge runed gate.
 30548 | D:14     | Found a huge runed gate.
 30548 | D:14     | Found a huge runed gate.
 30549 | D:14     | Found a huge runed gate.
 30549 | D:14     | Found a huge runed gate.
 30549 | D:14     | Found a huge runed gate.
 30550 | D:14     | Found a huge runed gate.
 30550 | D:14     | Found a huge runed gate.
 30551 | D:14     | Found a huge runed gate.
 30551 | D:14     | Found a huge runed gate.
 30570 | D:14     | Noticed Josephine
 30582 | D:14     | Killed Josephine
 30664 | D:14     | Found a basalt altar of Yredelemnul.
 30832 | D:14     | Received a gift from Okawaru
 30833 | D:14     | Got a pitted ring mail {god gift}
 31113 | D:14     | Found a huge runed gate.
 31114 | D:14     | Found a huge runed gate.
 31115 | D:14     | Found a huge runed gate.
 31116 | D:14     | Found a huge runed gate.
 31151 | D:14     | Identified the +7 ring mail of the Game of Life {MR+ Str+5}
                  | (Okawaru gifted it to you on level 14 of the Dungeon)
 31195 | D:14     | Found a huge runed gate.
 31197 | D:14     | Found a huge runed gate.
 31197 | D:14     | Found a huge runed gate.
 31204 | D:14     | Found a huge runed gate.
 31209 | D:14     | Found a huge runed gate.
 31209 | D:14     | Found a huge runed gate.
 31209 | D:14     | Found a huge runed gate.
 31209 | D:14     | Found a huge runed gate.
 31210 | D:14     | Found a huge runed gate.
 31211 | D:14     | Found a huge runed gate.
 31211 | D:14     | Found a huge runed gate.
 31221 | D:14     | Found a huge runed gate.
 31283 | D:14     | Reached skill level 11 in Fighting
 31679 | Lair:2   | Learned a level 3 spell: Spectral Weapon
 31843 | D:6      | Killed Berzach's ghost
 31869 | D:6      | Got a shimmering scale mail
 32031 | Lair:2   | Identified the cursed +1 scale mail "Weam" {*Drain rCorr
                  | MP+9} (You found it on level 6 of the Dungeon)
 32206 | D:15     | Entered Level 15 of the Dungeon
 32238 | D:15     | Identified the Tome of Aerial Earth
 32280 | D:15     | Noticed Rupert
 32288 | D:15     | Killed Rupert
 32333 | D:15     | Found a staircase to the Depths.
 32333 | D:15     | Noticed a fire giant
 32364 | D:15     | Killed a fire giant
 32364 | D:15     | Reached skill level 1 in Hexes
 32645 | D:15     | Noticed Louise
 32672 | D:15     | Killed Louise
 32672 | D:15     | Reached skill level 5 in Spellcasting
 32693 | D:15     | Noticed Harold
 32706 | D:15     | Noticed Urug
 32715 | D:15     | Killed Urug
 32745 | D:15     | Noticed Erica
 32756 | D:15     | Killed Harold
 32763 | D:15     | Killed Erica
 33088 | D:15     | Received a gift from Okawaru
 33288 | D:15     | Reached XP level 16. HP: 133/137 MP: 24/24
 33610 | D:11     | Reached skill level 5 in Charms
 33616 | D:11     | Killed phiIosophr's ghost
 33794 | Swamp:1  | Entered Level 1 of the Swamp
 33965 | Swamp:1  | Noticed a thorn hunter
 33976 | Swamp:1  | Killed a thorn hunter
 34429 | Swamp:1  | Noticed a thorn hunter
 34439 | Swamp:1  | Killed a thorn hunter
 34439 | Swamp:1  | Received a gift from Okawaru
 34455 | Swamp:1  | Reached skill level 12 in Fighting
 35299 | Orc:2    | Bought an uncursed ring of protection from cold for 400
                  | gold pieces
 36050 | Swamp:2  | Received a gift from Okawaru
 36050 | Swamp:2  | Reached skill level 15 in Axes
 36676 | Swamp:3  | Identified the +8 mace of Bipleg {vamp, Dex+3} (You found
                  | it on level 3 of the Swamp)
 36989 | Swamp:3  | Received a gift from Okawaru
 36996 | Swamp:3  | Got a faintly glowing chain mail {god gift}
 37955 | Swamp:3  | Noticed a thorn hunter
 37976 | Swamp:3  | Killed a thorn hunter
 38550 | Orc:2    | Bought 2 potions of heal wounds for 160 gold pieces
 38693 | Lair:2   | Identified the +6 chain mail of Modern Life {-Tele Harm
                  | rCorr Stlth+} (Okawaru gifted it to you on level 3 of the
                  | Swamp)
 38839 | Swamp:4  | Entered Level 4 of the Swamp
 39119 | Swamp:4  | Reached XP level 17. HP: 68/148 MP: 26/26
 40539 | Swamp:4  | Noticed Mara
 40571 | Swamp:4  | Noticed DeepDeath's illusion
 40604 | Swamp:4  | Killed Mara
 40604 | Swamp:4  | Received a gift from Okawaru
 40891 | Swamp:4  | Reached skill level 13 in Fighting
 40913 | Swamp:4  | Reached skill level 5 in Dodging
 41302 | Swamp:4  | Received a gift from Okawaru
 41831 | Swamp:4  | Got a decaying rune of Zot
 42105 | Spider:1 | Entered Level 1 of the Spider Nest
 42307 | Spider:1 | Received a gift from Okawaru
 42948 | Spider:1 | Received a gift from Okawaru
 42951 | Spider:1 | Got a pair of spiked boots {god gift}
 42957 | Spider:1 | Identified the +0 pair of boots of the Vaults {Str+7}
                  | (Okawaru gifted it to you on level 1 of the Spider Nest)
 43675 | D:9      | Bought an uncursed ring of resist corrosion for 280 gold
                  | pieces
 43834 | D:14     | Noticed a hellephant
 43847 | D:14     | Reached XP level 18. HP: 124/159 MP: 12/28
 43859 | D:14     | Killed a hellephant
 44195 | Lair:3   | Killed Quwyan's ghost
 44201 | Lair:3   | Killed Deesahac's ghost
 44201 | Lair:3   | Reached skill level 14 in Fighting
 44300 | Lair:6   | Entered Level 6 of the Lair of Beasts
 44493 | Lair:6   | Found a transporter.
 44497 | Lair:6   | Found a transporter.
 44501 | Lair:6   | Identified the +4 spear of Cidworchu {antimagic, Str+4}
 44513 | Lair:6   | Noticed Gadfly's ghost (journeyman DrTm)
 44643 | Lair:6   | Found a bloodstained altar of Trog.
 44643 | Lair:6   | Identified the +8 spear of Change {antimagic, rPois rF-
                  | Str+7 Int-4}
 45057 | Lair:6   | Received a gift from Okawaru
 46028 | Spider:2 | Received a gift from Okawaru
 46032 | Spider:2 | Got a crystal lajatang {god gift}
 46107 | Spider:1 | Identified the +5 lajatang of Okawaru's Approval {drain,
                  | rElec} (Okawaru gifted it to you on level 2 of the Spider
                  | Nest)
 46180 | Spider:2 | Reached skill level 5 in Hexes
 46487 | Spider:2 | Reached skill level 1 in Staves
 46526 | Spider:2 | Noticed Arachne
 46553 | Spider:2 | Killed Arachne
 46938 | Spider:2 | Identified the cursed +0 chain mail of Gozag's Hope {rCorr
                  | Str+3 Stlth+} (You found it on level 2 of the Spider Nest)
 48860 | Spider:3 | Reached XP level 19. HP: 169/169 MP: 29/29
 49002 | Spider:4 | Entered Level 4 of the Spider Nest
 49021 | Spider:4 | Reached skill level 15 in Fighting
 49084 | Spider:4 | Received a gift from Okawaru
 50676 | Spider:4 | Reached ****** piety under Okawaru
 50676 | Spider:4 | Received a gift from Okawaru
 50749 | Spider:4 | Reached skill level 16 in Fighting
 51350 | Spider:4 | Got a gossamer rune of Zot
 52009 | Lair:6   | Killed Gadfly's ghost
 52297 | D:5      | Bought a scroll of acquirement for 572 gold pieces
 52298 | D:5      | Acquired 1220 gold pieces
 52402 | D:9      | Bought an uncursed ring of protection from fire for 350
                  | gold pieces
 52529 | Orc:2    | Bought a potion of heal wounds for 80 gold pieces
 52531 | Orc:2    | Bought a cursed ring of attention for 63 gold pieces
 52544 | Orc:2    | Learned a level 3 spell: Mephitic Cloud
 52678 | Vaults:1 | Entered Level 1 of the Vaults
 52904 | Vaults:1 | Reached skill level 1 in Poison Magic
 54002 | Vaults:1 | Reached skill level 5 in Staves
 54007 | Vaults:1 | Received a gift from Okawaru
 54311 | Vaults:1 | Received a gift from Okawaru
 54505 | Vaults:1 | Reached XP level 20. HP: 174/182 MP: 30/30
 54545 | Vaults:1 | Received a gift from Okawaru
 55703 | Vaults:1 | Identified the +1 buckler "Penihamp" {+Blink} (You found it
                  | on level 1 of the Vaults)
 56123 | Vaults:2 | Received a gift from Okawaru
 56123 | Vaults:2 | Reached skill level 17 in Fighting
 56141 | Vaults:2 | Identified the +1 plate armour of the Pits of Slime {+Blink
                  | Slay+2} (Okawaru gifted it to you on level 2 of the Vaults)
 57596 | Vaults:2 | Reached skill level 18 in Fighting
 57625 | Vaults:2 | Reached skill level 10 in Slings
 57910 | Vaults:2 | Identified the +2 glaive "Worm's Wrath" {venom, MR+ Dex+5}
 59676 | Vaults:3 | Reached XP level 21. HP: 105/194 MP: 31/31
 59731 | Vaults:2 | Received a gift from Okawaru
 60023 | Vaults:3 | Reached skill level 5 in Air Magic
 60570 | Vaults:3 | Found a staircase to the Crypt.
 61193 | Vaults:3 | Reached skill level 5 in Poison Magic
 61864 | Vaults:3 | Received a gift from Okawaru
 62204 | Vaults:3 | Found Uletu's Armour Shoppe.
 62227 | Vaults:3 | Bought a +2 cloak of poison resistance for 314 gold pieces
 62708 | Vaults:3 | Reached skill level 19 in Fighting
 64412 | D:4      | Bought a wand of acid (6) for 208 gold pieces
 64412 | D:4      | Bought a potion of heal wounds for 130 gold pieces
 64629 | Vaults:1 | Gained mutation: You are frail. (-10% HP) [potion of
                  | mutation]
 64629 | Vaults:1 | Gained mutation: You are resistant to electric shocks.
                  | (rElec) [potion of mutation]
 64730 | Vaults:4 | Received a gift from Okawaru
 64746 | Vaults:4 | Noticed Margery
 64760 | Vaults:4 | Killed Margery
 65755 | Vaults:4 | Reached skill level 20 in Fighting
 65833 | Vaults:4 | Noticed Mennas
 65867 | Vaults:4 | Reached XP level 22. HP: 21/188 MP: 30/32
 66606 | Vaults:4 | Found Ikhliaxze's Weapon Shop.
 66689 | Vaults:4 | Killed Mennas
 67357 | Vaults:1 | Learned a level 1 spell: Apportation
 67476 | Elf:1    | Entered Level 1 of the Elven Halls
 68247 | Elf:1    | Received a gift from Okawaru
 68730 | Elf:1    | Noticed Nikola
 68744 | Elf:1    | Killed Nikola
 68982 | Elf:1    | Reached skill level 21 in Fighting
 69779 | Elf:2    | Received a gift from Okawaru
 70234 | Elf:2    | Found Nywkare's General Store.
 70497 | Elf:2    | Found a runed translucent gate.
 70498 | Elf:2    | Found a runed translucent gate.
 70499 | Elf:2    | Found a runed translucent gate.
 71702 | Elf:3    | Entered Level 3 of the Elven Halls
 71760 | Elf:3    | Received a gift from Okawaru
 71760 | Elf:3    | Reached XP level 23. HP: 191/199 MP: 22/33
 71800 | Elf:3    | Found a flickering gateway to a bazaar.
 71810 | Bazaar   | Entered a bazaar
 71810 | Bazaar   | Found Coluy's Gadget Emporium.
 71818 | Bazaar   | Found Zetsazan's Armour Shoppe.
 71825 | Bazaar   | Found Zoxah's Antique Weapon Shop.
 72055 | Bazaar   | Found Ulayfun's Book Shop.
 72099 | Bazaar   | Bought an iridescent arbalest for 218 gold pieces
 72099 | Bazaar   | Bought a runed battleaxe for 218 gold pieces
 72101 | Bazaar   | Identified the +12 arbalest of Oquokh {elec, *Contam rElec
                  | rN+ MR+++} (You bought it in a shop in a bazaar)
 72150 | Bazaar   | Bought the cursed +0 cloak of Starshine {Regen+} for 127
                  | gold pieces
 72171 | Bazaar   | Bought a wand of digging (3) for 182 gold pieces
 72171 | Bazaar   | Bought a wand of acid (7) for 286 gold pieces
 72231 | Elf:3    | Reached skill level 22 in Fighting
 72250 | Elf:3    | Reached skill level 10 in Dodging
 73045 | Elf:3    | Identified the ring "Vuolopt" {rElec rPois rF- rC++}
 73437 | Elf:3    | Identified the +1 plate armour of Lesser Demons {rF+++
                  | Int-3 SInv}
 73437 | Elf:3    | Identified the ring of Dopa {rC+ Str+6}
 73438 | Elf:3    | Identified the amulet "Joschejad" {Regen+ Dex+8}
 73441 | Elf:3    | Identified the ring of Tiekh {*Tele rN+ MR- Str+3 SInv}
 73624 | Elf:3    | Identified the +8 plate armour of Gyih {+Inv rPois rF-}
 73895 | Elf:3    | Found the +3 hat of Pondering {ponderous, MR+ MP+10 Int+5}
 74950 | Vaults:1 | Lost mutation: You are frail. (-10% HP) [potion of
                  | mutation]
 74950 | Vaults:1 | Lost mutation: You are resistant to electric shocks.
                  | (rElec) [potion of mutation]
 74950 | Vaults:1 | Gained mutation: You are partially covered in yellow
                  | scales. (AC +2) [potion of mutation]
 74950 | Vaults:1 | Gained mutation: Your mind is acute. (Int +2) [potion of
                  | mutation]
 74950 | Vaults:1 | Gained mutation: You are robust. (+10% HP) [potion of
                  | mutation]
 74950 | Vaults:1 | Gained mutation: Your flesh is heat resistant. (rF+)
                  | [potion of mutation]
 75102 | Depths:1 | Entered Level 1 of the Depths
 75102 | Depths:1 | Found Ponloemu's Jewellery Boutique.
 75168 | Depths:1 | Found Zyargh's Jewellery Shop.
 75182 | Depths:1 | Identified the +10 hand crossbow of Indomitability {flame,
                  | rF+ Int+4 Dex+4} (You found it on level 1 of the Depths)
 75267 | Depths:1 | Found a one-way gate leading to the halls of Pandemonium.
 75663 | Depths:1 | Received a gift from Okawaru
 75773 | Depths:1 | Found a gateway to Hell.
 75843 | Depths:1 | Found a gateway to a ziggurat.
 77071 | Depths:2 | Received a gift from Okawaru
 77071 | Depths:2 | Reached skill level 23 in Fighting
 77102 | Depths:2 | Found a one-way gate to the infinite horrors of the Abyss.
 77159 | Depths:2 | Noticed the Enchantress
 77214 | Depths:2 | Killed the Enchantress
 77244 | Depths:2 | Reached XP level 24. HP: 226/258 MP: 33/33
 77471 | Depths:2 | Noticed Saint Roka
 77481 | Depths:2 | Received a gift from Okawaru
 77501 | Depths:2 | Killed Saint Roka
 77501 | Depths:2 | Received a gift from Okawaru
 77677 | Depths:2 | Found the +8 orange crystal plate armour {Archmagi, Int+3
                  | Clar}
 77728 | Depths:2 | Identified the +10 shortbow "Wyem" {venom, rN+ Str+4}
 78162 | Depths:2 | Found Icruqout's Magic Scroll Boutique.
 78934 | Depths:2 | Identified the +7 fustibalus of Lofoyl {flame, MR+ Str+2
                  | Dex+3} (You found it on level 2 of the Depths)
 79432 | Depths:2 | Bought a scroll of acquirement for 780 gold pieces
 79433 | Depths:2 | Acquired 490 gold pieces
 79488 | Depths:3 | Received a gift from Okawaru
 80401 | Depths:3 | Reached skill level 24 in Fighting
 81023 | Depths:3 | Got a steaming plate armour {god gift}
 81026 | Depths:3 | Identified the +4 plate armour of Supple Strength {Slay+3}
                  | (Okawaru gifted it to you on level 3 of the Depths)
 81090 | Depths:1 | Bought the amulet of Vitality {Regen+ HP+15} for 1264 gold
                  | pieces
 81090 | Depths:1 | Found the amulet of Vitality {Regen+ HP+15}
 81478 | Depths:4 | Found Etwionwi's Book Emporium.
 81794 | Depths:4 | Identified the +5 quarterstaff of the Enemy {flame, rC+
                  | Str+3} (You found it on level 4 of the Depths)
 81864 | Depths:4 | Noticed a caustic shrike
 81897 | Depths:4 | Killed a caustic shrike
 82227 | Depths:4 | Reached XP level 25. HP: 271/271 MP: 33/33
 82234 | Depths:4 | Noticed a juggernaut
 82244 | Depths:4 | Killed a juggernaut
 82259 | Depths:4 | Received a gift from Okawaru
 82263 | Depths:4 | Got a dazzling great mace {god gift}
 82386 | Depths:4 | Identified the +0 great mace of Grandeur {speed, +Fly rF+
                  | rC++ Dex-5} (Okawaru gifted it to you on level 4 of the
                  | Depths)
 82729 | Depths:4 | Identified the +4 battleaxe "Imuad" {holy, *Corrode rElec
                  | rPois Str+6}
 83214 | Depths:4 | Reached skill level 5 in Evocations
 84256 | Depths:5 | Entered Level 5 of the Depths
 84449 | Depths:5 | Received a gift from Okawaru
 84469 | Depths:5 | Identified the +5 battleaxe of Duvadwat {speed, rPois rF+
                  | Int+3} (Okawaru gifted it to you on level 5 of the Depths)
 85079 | Depths:5 | Reached skill level 15 in Armour
 85286 | Depths:5 | Found a glowing golden altar of the Shining One.
 85330 | Depths:5 | Reached skill level 15 in Invocations
 85561 | Depths:5 | Found Botunod's Book Shoppe.
 85563 | Depths:5 | Found Ruost's Food Emporium.
 85565 | Depths:5 | Found Vianoubre's Assorted Antiques.
 85575 | Depths:5 | Reached skill level 5 in Throwing
 85843 | Depths:5 | Found a gate to the Realm of Zot.
 85889 | Depths:5 | Identified the +4 scale mail "Xibbatep" {rPois} (You found
                  | it on level 5 of the Depths)
 86276 | Vaults:5 | Entered Level 5 of the Vaults
 86299 | Vaults:5 | Reached XP level 26. HP: 257/281 MP: 0/34
 86303 | Vaults:5 | Received a gift from Okawaru
 86304 | Vaults:5 | Reached skill level 25 in Fighting
 86327 | Vaults:5 | Noticed an ancient lich
 86365 | Vaults:4 | Killed an ancient lich
 86559 | Vaults:5 | Identified the cursed ring of Spite {Str+4 Dex-4}
 86639 | Vaults:5 | Noticed an ancient lich
 87126 | Vaults:5 | Reached skill level 26 in Fighting
 87195 | Vaults:5 | Received a gift from Okawaru
 87566 | Vaults:5 | Killed an ancient lich
 87696 | Vaults:5 | Reached XP level 27. HP: 290/297 MP: 32/34
 87940 | Vaults:5 | Identified the Handbook of Shifting Fire
 87971 | Vaults:5 | Got a silver rune of Zot
 88164 | Vaults:5 | Identified the Volume of Black Rites and the Arsonist
 88714 | Vaults:5 | Identified the +6 chain mail "Lexemn" {*Corrode rF++ SInv}
                  | (You found it on level 5 of the Vaults)
 88718 | Vaults:5 | Identified the +2 chain mail of the Swamp {rPois rC- rN+++
                  | Int-4} (You found it on level 5 of the Vaults)
 88797 | Vaults:5 | Identified the +1 scale mail of Qutih {Harm rC+ MP+9} (You
                  | found it on level 5 of the Vaults)
 89034 | Crypt:1  | Entered Level 1 of the Crypt
 89963 | Crypt:1  | Reached skill level 27 in Fighting
 90194 | Crypt:2  | Noticed Frederick
 90205 | Crypt:2  | Killed Frederick
 90913 | Crypt:2  | Received a gift from Okawaru
 90927 | Crypt:2  | Found a runed door.
 91009 | Crypt:2  | Noticed an ancient lich
 91027 | Crypt:2  | Killed an ancient lich
 91034 | Crypt:2  | Found the +6 arbalest "Damnation" {damnation}
 91044 | Crypt:2  | Identified the cursed +0 pair of gloves of the Thinker
                  | {SInv} (You found it on level 2 of the Crypt)
 91075 | Crypt:2  | Identified the +2 war axe "Rosooraj" {flame, rElec rF++ rN+
                  | Str-3} (You found it on level 2 of the Crypt)
 91077 | Crypt:2  | Acquired 3700 gold pieces
 91540 | Crypt:3  | Entered Level 3 of the Crypt
 92100 | Crypt:3  | Reached skill level 10 in Throwing
 92165 | Crypt:3  | Found an ancient bone altar of Kikubaaqudgha.
 92696 | Crypt:3  | Received a gift from Okawaru
 92888 | Crypt:3  | Got a glittering turquoise ring
 92888 | Crypt:3  | Got a bound wooden ring
 92892 | Crypt:3  | Identified the ring of Kywat {+Fly rN+ MR+ Stlth+} (You
                  | found it on level 3 of the Crypt)
 92894 | Crypt:3  | Identified the ring "Zufaufry" {rN+ Dex+4} (You found it on
                  | level 3 of the Crypt)
 92895 | Crypt:3  | Identified the ring "Okhook" {+Blink rN+ Str-3 Int-2 Dex+6}
                  | (You found it on level 3 of the Crypt)
 93088 | Crypt:3  | Identified the Volume of Congealing Clay
 93484 | Crypt:3  | Identified the Collected Works on the Frigorific Escort
 93536 | Crypt:3  | Noticed Jory
 93541 | Crypt:3  | Found a staircase to the Tomb.
 93561 | Crypt:3  | Killed Jory
 93575 | Crypt:3  | Identified the Volume of Evil Rites
 93976 | Orc:2    | Bought a potion of flight for 48 gold pieces
 93976 | Orc:2    | Bought a potion of mutation for 128 gold pieces
 93976 | Orc:2    | Bought a potion of mutation for 128 gold pieces
 94441 | Zot:1    | Entered Level 1 of the Realm of Zot
 94595 | Zot:1    | Cast into level 3 of the Abyss (black draconian)
 94815 | Abyss:3  | Found a corrupted altar of Lugonu.
 95146 | Abyss:3  | Paralysed by accursed screaming for 1 turns
 95147 | Abyss:3  | Gained mutation: Your spells are a little easier to cast,
                  | but a little less powerful. [a neqoxec]
 95150 | Abyss:3  | Found a huge runed translucent gate.
 95150 | Abyss:3  | Found a huge runed translucent gate.
 95150 | Abyss:3  | Found a huge runed translucent gate.
 95150 | Abyss:3  | Found a huge runed translucent gate.
 95150 | Abyss:3  | Found a huge runed translucent gate.
 95176 | Abyss:3  | Found a runed translucent door.
 95191 | Abyss:3  | Found a huge runed translucent gate.
 95419 | Abyss:3  | Found a huge runed translucent gate.
 95419 | Abyss:3  | Found a huge runed translucent gate.
 95419 | Abyss:3  | Found a huge runed translucent gate.
 95419 | Abyss:3  | Found a huge runed translucent gate.
 95419 | Abyss:3  | Found a huge runed translucent gate.
 95532 | Abyss:3  | Found a huge runed translucent gate.
 95546 | Abyss:3  | Found a huge runed translucent gate.
 95567 | Abyss:3  | Found a huge runed translucent gate.
 95587 | Abyss:3  | Received a gift from Okawaru
 95703 | Abyss:3  | Found a huge runed translucent gate.
 95705 | Abyss:3  | Found a huge runed translucent gate.
 95706 | Abyss:3  | Found a huge runed translucent gate.
 95706 | Abyss:3  | Found a corrupted altar of Lugonu.
 95707 | Abyss:3  | Found a huge runed translucent gate.
 95715 | Abyss:3  | Reached skill level 5 in Stealth
 95718 | Abyss:3  | Found a huge runed translucent gate.
 95728 | Abyss:3  | Found a huge runed translucent gate.
 95763 | Abyss:3  | Found a huge runed translucent gate.
 95795 | Abyss:3  | Found a huge runed translucent gate.
 95820 | Abyss:3  | Received a gift from Okawaru
 95826 | Abyss:3  | Found a huge runed translucent gate.
 95837 | Abyss:3  | Got an abyssal rune of Zot
 96095 | Abyss:4  | Received a gift from Okawaru
 96160 | Zot:1    | Escaped the Abyss
 96456 | Zot:1    | Received a gift from Okawaru
 97592 | Depths:2 | Bought a scroll of identify for 30 gold pieces
 97592 | Depths:2 | Bought a scroll of identify for 30 gold pieces
 97592 | Depths:2 | Bought a scroll of identify for 30 gold pieces
 97592 | Depths:2 | Bought a scroll of magic mapping for 52 gold pieces
 97592 | Depths:2 | Bought a scroll of teleportation for 45 gold pieces
 98028 | Zot:2    | Identified the Disquisition on Burning Poison
 98854 | Zot:2    | Received a gift from Okawaru
 99101 | Zot:2    | Identified the +12 plate armour "Zejiol" {Str+4 Stlth+}
                  | (Okawaru gifted it to you on level 2 of the Realm of Zot)
100441 | Zot:4    | Acquired the +8 frozen axe "Frostbite" {freezing cloud,
                  | *Noise +Fly rC+}
100442 | Zot:4    | Found the +8 frozen axe "Frostbite" {freezing cloud, *Noise
                  | +Fly rC+}
100844 | Zot:4    | Received a gift from Okawaru
101095 | Zot:5    | Entered Level 5 of the Realm of Zot
101797 | Zot:5    | Noticed an ancient lich
101812 | Zot:5    | Killed an ancient lich
101835 | Zot:5    | Noticed an ancient lich
101853 | Zot:5    | Killed an ancient lich
102078 | Zot:5    | Noticed an orb of fire
102079 | Zot:5    | Gained mutation: Your spells are easier to cast, but less
                  | powerful. [an orb of fire]
102094 | Zot:5    | Killed an orb of fire
102112 | Zot:5    | Received a gift from Okawaru
102125 | Zot:5    | Noticed an orb of fire
102149 | Zot:5    | Killed an orb of fire
102241 | Zot:5    | Noticed an orb of fire
102257 | Zot:5    | Gained mutation: Your body sometimes deteriorates upon
                  | taking damage. [an orb of fire]
102258 | Zot:5    | Killed an orb of fire
102359 | Zot:5    | Noticed an orb of fire
102362 | Zot:5    | Gained mutation: You occasionally shout uncontrollably at
                  | your foes. [an orb of fire]
102374 | Zot:5    | Noticed an orb of fire
102377 | Zot:5    | Killed an orb of fire
102380 | Zot:5    | Gained mutation: You sometimes yell uncontrollably at your
                  | foes. [an orb of fire]
102398 | Zot:5    | Killed an orb of fire
102398 | Zot:5    | Received a gift from Okawaru
102524 | Zot:4    | Learned a level 3 spell: Tukima's Dance
102630 | Zot:5    | Noticed an orb of fire
102642 | Zot:5    | Noticed an orb of fire
102644 | Zot:5    | Gained mutation: You are weak. (Str -2) [an orb of fire]
102650 | Zot:5    | Killed an orb of fire
102650 | Zot:5    | Received a gift from Okawaru
102650 | Zot:5    | Gained mutation: Scrolls take you a little longer to read.
                  | [an orb of fire]
102651 | Zot:5    | Gained mutation: Armour fits poorly on your strangely
                  | shaped body. [an orb of fire]
102655 | Zot:5    | Gained mutation: Your body often deteriorates upon taking
                  | damage. [an orb of fire]
102664 | Zot:5    | Killed an orb of fire
102698 | Zot:4    | Lost mutation: Scrolls take you a little longer to read.
                  | [potion of mutation]
102698 | Zot:4    | Lost mutation: Your body often deteriorates upon taking
                  | damage. [potion of mutation]
102698 | Zot:4    | Lost mutation: Your body sometimes deteriorates upon taking
                  | damage. [potion of mutation]
102698 | Zot:4    | Lost mutation: You are weak. (Str -2) [potion of mutation]
102698 | Zot:4    | Gained mutation: You have a pair of small antennae on your
                  | head. [potion of mutation]
102699 | Zot:4    | Lost mutation: Your mind is acute. (Int +2) [potion of
                  | mutation]
102699 | Zot:4    | Lost mutation: Armour fits poorly on your strangely shaped
                  | body. [potion of mutation]
102699 | Zot:4    | Lost mutation: You sometimes yell uncontrollably at your
                  | foes. [potion of mutation]
102699 | Zot:4    | Lost mutation: You are partially covered in yellow scales.
                  | (AC +2) [potion of mutation]
102699 | Zot:4    | Gained mutation: You have a somewhat thin skeletal
                  | structure. (Dex +2, Stealth) [potion of mutation]
102699 | Zot:4    | Gained mutation: You evolve. [potion of mutation]
102699 | Zot:4    | Gained mutation: You are partially covered in large bone
                  | plates. (SH +4) [potion of mutation]
102855 | Zot:5    | Lost mutation: You are robust. (+10% HP) [evolution]
103077 | Zot:5    | Noticed an ancient lich
103113 | Zot:5    | Killed an ancient lich
103302 | Zot:5    | Noticed an orb of fire
103304 | Zot:5    | Gained mutation: You tend to lose your temper in combat.
                  | [an orb of fire]
103318 | Zot:5    | Killed an orb of fire
103318 | Zot:5    | Reached skill level 10 in Charms
103319 | Zot:5    | Lost mutation: You occasionally shout uncontrollably at
                  | your foes. [potion of mutation]
103319 | Zot:5    | Lost mutation: You evolve. [potion of mutation]
103319 | Zot:5    | Lost mutation: You have a pair of small antennae on your
                  | head. [potion of mutation]
103319 | Zot:5    | Gained mutation: You are partially covered in yellow
                  | scales. (AC +2) [potion of mutation]
103319 | Zot:5    | Gained mutation: You are resistant to electric shocks.
                  | (rElec) [potion of mutation]
103320 | Zot:5    | Lost mutation: You have a somewhat thin skeletal structure.
                  | (Dex +2, Stealth) [potion of mutation]
103320 | Zot:5    | Lost mutation: Your spells are easier to cast, but less
                  | powerful. [potion of mutation]
103320 | Zot:5    | Gained mutation: Your system is resistant to poisons.
                  | (rPois) [potion of mutation]
103320 | Zot:5    | Lost mutation: You tend to lose your temper in combat.
                  | [potion of mutation]
103320 | Zot:5    | Gained mutation: Your skin changes colour to match your
                  | surroundings (Stealth+). [potion of mutation]
103441 | Zot:5    | Reached skill level 15 in Dodging
103512 | Zot:5    | Noticed an orb of fire
103512 | Zot:5    | Lost mutation: Your flesh is heat resistant. (rF+) [an orb
                  | of fire]
103522 | Zot:5    | Gained mutation: Scrolls take you a little longer to read.
                  | [an orb of fire]
103523 | Zot:5    | Killed an orb of fire
103701 | Zot:5    | Got the Orb of Zot
103989 | Depths:2 | Received a gift from Okawaru
104022 | Depths:1 | Noticed Oneshra the pandemonium lord
104044 | Depths:1 | Killed Oneshra the pandemonium lord
104212 | D:9      | Noticed Cos Hish the pandemonium lord
104380 | D:$      | Escaped with the Orb!

Illustrated notes

Levels and vault maps discovered:
D:1:      lemuel_arrival_tunnels, layout_basic
D:2:      layout_loops_ring, grunt_temple_overflow_magic_moments, first_ration
D:3:      layout_rooms, grunt_temple_overflow_open, overflow_temple_1_default
D:4:      layout_layer_cave, serial_shops, shop, shop, shop,
          kennysheep_generic_room_12
D:5:      layout_layer_cave, gammafunk_ghost_grave, serial_shops, shop_statue,
          basic_altar, grunt_ministairs_10, hangedman_decor_slide_cut
D:6:      layout_cave_pools, minmay_temple_entry_enclosed_plants,
          gammafunk_ghost_mausoleum, okawaru_altar_gauntlet_db
D:7:      layout_basic, kennysheep_mini_moat
D:8:      layout_loops_ring, nicolae_dithmenos_shadow_blocks,
          minmay_overflow_temple_star_quad
D:9:      layout_small_grid, overflow_temple_1_default, serial_shops,
          kennysheep_mini, uniq_pikel
D:10:     layout_loops_ring, lair_entry_dummy
D:11:     layout_cave_pools, david_orc_3, maelrawn_ghost_gauntlet_escape,
          serial_shops, shop, grunt_tengu_nest
D:12:     layout_stronghold, basic_altar, uniq_sonja
D:13:     layout_basic, grunt_vaults_entry_tiered
D:14:     layout_cave_pools, yredelemnul_altar_generic, not_door_vault_due,
          uniq_josephine
D:15:     grunt_enter_depths_giant_problem, layout_basic,
          roderic_serpentine_path, sword_in_stone, uniq_rupert
Lair:1:   layout_regular_city
Lair:2:   layout_big_grid, minmay_swamp_entry_worms
Lair:3:   cheibrodos_lair_river_kwai, layout_cave_pods, serial_forest,
          infiniplex_forest_straight_4, infiniplex_forest_end_1,
          infiniplex_forest_clump_tiny, infiniplex_forest_clump_cross,
          infiniplex_forest_lined_corner, infiniplex_forest_lined_2,
          infiniplex_forest_clump_diagonal, infiniplex_forest_straight_5,
          infiniplex_forest_straight_2, gammafunk_ghost_cemetery,
          lemuel_fruit_tree, grunt_megastairs_3
Lair:4:   layout_roguey, spider_nest_entry_rubble, uniq_snorg
Lair:5:   layout_regular_city, slime_altar_1, enter_volcano_4, basic_altar,
          grunt_megastairs_4, serial_bayou_shore_b
Lair:6:   evilmike_catoblepas_cave, layout_hall_layers,
          gammafunk_ghost_wrathful_warriors, grunt_megastairs_1
Swamp:1:  cheibrodos_swamp_tower_of_moss, layout_falls_marsh,
          infiniplex_staircase_pool, swamp_pool3, nicolae_swamp_fairy_circle
Swamp:2:  layout_basic_swamp, evilmike_swamp_ruin_house_6
Swamp:3:  layout_basic_swamp, nicolae_swamp_dense_foliage,
          infiniplex_staircase_pool_2
Swamp:4:  swamp_vile, layout_basic_swamp, uniq_mara
Spider:1: spiders_nest_scorpion_pit
Spider:2: layout_chambers, hive_lemuel, uniq_arachne
Spider:3: layout_spider_delve
Spider:4: guppyfry_spider_rune
Orc:1:    layout_caves
Orc:2:    st_orc_ogre_mass, layout_caves
Elf:1:    minmay_elf_arrival_summoners, layout_geoelf_diagonals,
          kennysheep_underground_church, serial_sigils_hangedman_quiver,
          uniq_nikola
Elf:2:    layout_geoelf_octagon, serial_shops, shop
Elf:3:    elf_hall_gauntlet_narrow, layout_rooms, serial_shops, bzr_entry_safe,
          kilobyte_rumbling_trees
Vaults:1: nicolae_vaults_angled_halls, hangedman_vaults_nodes,
          dpeg_vaults_monster_box, ontoclasm_vaults_loading_screen, st_lines,
          vaults_room_fours, vaults_room_pool, layout_vaults_big_room
Vaults:2: ontoclasm_vaults_fault, nicolae_vaults_inception_corners,
          hangedman_vaults_slice, v_misc_2, grunt_vaults_hallway_short,
          v_pattern_4, nicolae_vaults_border_crossing,
          nicolae_vaults_display_case, ontoclasm_vaults_ring_large,
          nicolae_vaults_little_squares_3, v_misc_11, layout_vaults_maze_bifur
Vaults:3: minmay_crypt_entry_simple_sparse, nicolae_vaults_network_periphery,
          nicolae_vaults_what_the_h, hangedman_vaults_variations,
          nicolae_vaults_windows_and_doors_thing, nicolae_vaults_triangles,
          nicolae_vaults_branching_niches, nicolae_vaults_diagonal_hallway_7,
          grunt_vaults_hallway_short, vaults_room_grunt_arrival_ludios,
          nicolae_vaults_specimen_jars, layout_vaults_omnibox, serial_shops,
          nicolae_shop_stone
Vaults:4: v_pattern_1, v_misc_3, nicolae_vaults_alarming,
          ontoclasm_vaults_loading_screen, nicolae_vaults_big_ls, v_misc_29,
          vaults_standard_mumra_x, st_squares, layout_vaults_ring, serial_shops,
          shop, uniq_margery, uniq_mennas
Vaults:5
Crypt:1:  layout_misc_corridors
Crypt:2:  evilmike_wizard_prison, layout_basic, uniq_frederick
Crypt:3:  grunt_crypt_end_deaths_head
Depths:1: layout_long_grid, enter_ziggurat_b, serial_shops, shop, hell_entry,
          pan_entry, minmay_misc_feat_five, nrook_campfire, drop_trap,
          minmay_shop_enchanted_jewellery, minmay_hedge_maze,
          lemuel_freeze_loot_1
Depths:2: minmay_the_grid_triangle_9x9_rhombus_thin
          [minmay_the_grid_triangle_9x9_corrupted_corridor,
          minmay_the_grid_triangle_9x9_prize_center,
          minmay_the_grid_triangle_9x9_dagger,
          minmay_the_grid_triangle_9x9_alien], layout_basic, serial_shops, shop,
          rand_demon_pan_entry_4, pf_coc_iceberg, minmay_misc_feat_x,
          serial_glass, glass_columns_a, glass_columns_a, abyss_entry_crystal,
          minmay_staircase_windowed_large, uniq_enchantress, uniq_saint_roka
Depths:3: cross_vault, layout_gridlike, grunt_hell_entry_demonic_statue,
          rand_demon_pan_entry_5, drop_trap
Depths:4: minmay_heptahexagon, layout_gridlike, pf_hell_entry_tar_river,
          serial_shops, shop, minmay_misc_feat_encased,
          abyss_entry_small_statue_room
Depths:5: evilmike_zot_entry_basic, layout_cave_shapes, hell_entry, pan_entry,
          tso_metal_star, ldierk_geyser, minmay_shop_star
Zot:1:    layout_twisted_circle
Zot:2:    layout_cathedral_of_symmetry
Zot:3:    layout_cellular_growth, drop_trap, grunt_megastairs_5
Zot:4:    layout_gridville
Zot:5:    layout_gridville, st_stairs_4, hangedman_zot_decor_scrapings

Skill      XL: |  1  2  3  4  5  6  7  8  9 10 11 12 13 14 15 16 17 18 19 20 21 22 23 24 25 26 27 |
---------------+----------------------------------------------------------------------------------+-----
Conjurations   | 2 3 5 6 7 8 |  8.0
Axes           | 1 2 3 5 6 7 8 11 13 15 16 17 18 19 21 22 25 | 25.8
Spellcasting   | 2 3 4 5 6 7 8 |  8.0
Fighting       | 1 2 3 5 7 8 10 11 12 13 14 16 18 20 21 23 24 26 27 | 27.0
Invocations    | 1 2 3 4 6 7 9 10 11 12 14 15 | 15.0
Charms         | 1 2 3 4 5 6 7 8 10 | 10.8
Evocations     | 1 2 3 4 6 |  6.0
Throwing       | 1 2 5 9 14 | 14.1
Air Magic      | 3 4 5 |  5.0
Maces & Flails | 4 8 9 11 12 | 12.1
Stealth        | 2 3 5 |  5.0
Armour         | 2 5 7 8 10 11 12 14 15 16 22 | 22.0
Dodging        | 2 3 4 6 8 9 10 11 15 | 15.3
Earth Magic    | 2 |  2.0
Necromancy     | 2 3 4 |  4.0
Polearms       | 2 7 8 9 |  9.2
Translocations | 1 3 4 |  4.0
Slings         | 4 5 6 7 8 9 10 11 12 | 12.9
Hexes          | 2 3 6 7 9 |  9.0
Staves         | 3 5 |  5.9
Poison Magic   | 2 4 5 6 |  6.0

Action                   |  1- 3 |  4- 6 |  7- 9 | 10-12 | 13-15 | 16-18 | 19-21 | 22-24 | 25-27 || total
-------------------------+-------+-------+-------+-------+-------+-------+-------+-------+-------++-------
Melee: Unarmed           |     5 |       |       |       |       |       |       |       |     2 ||     7
       Hand axe          |    39 |    62 |    16 |       |       |       |       |       |       ||   117
       Flail             |       |       |   189 |   455 |    59 |       |       |       |       ||   703
       Punch             |       |       |     1 |    10 |     7 |       |       |       |     2 ||    20
       Spear             |       |       |       |   187 |    20 |       |       |       |       ||   207
       Broad axe         |       |       |       |       |   243 |    35 |    46 |    40 |       ||   364
       Battleaxe         |       |       |       |       |   138 |   837 |  1047 |  1166 |  1626 ||  4814
       Staff             |       |       |       |       |     2 |       |       |       |       ||     2
       War axe           |       |       |       |       |   422 |    27 |       |       |       ||   449
       Lajatang          |       |       |       |       |       |     4 |     6 |       |       ||    10
       Mace              |       |       |       |       |       |       |    24 |       |       ||    24
       Trishula          |       |       |       |       |       |       |       |    19 |   951 ||   970
       Executioner's axe |       |       |       |       |       |       |       |       |   326 ||   326
 Fire: Hunting sling     |       |       |       |       |   318 |   707 |   553 |   684 |    10 ||  2272
       Fustibalus        |       |       |       |       |       |       |       |       |   907 ||   907
Throw: Stone             |     4 |    31 |     6 |     5 |       |       |       |       |       ||    46
       Throwing net      |       |     2 |       |       |       |     1 |     1 |       |       ||     4
       Boomerang         |       |       |       |    11 |    23 |     9 |     2 |     2 |    29 ||    76
       Dart              |       |       |       |     1 |    32 |       |     3 |       |     2 ||    38
       Javelin           |       |       |       |       |       |     2 |       |    22 |    31 ||    55
 Cast: Shock             |    73 |    83 |   233 |   125 |       |       |       |       |       ||   514
       Magic Dart        |       |       |       |    19 |    12 |       |     1 |       |       ||    32
       Stone Arrow       |       |       |       |     2 |       |     1 |       |       |       ||     3
       Static Discharge  |       |       |       |    11 |     1 |       |       |       |       ||    12
       Infusion          |       |       |       |       |    10 |     8 |     6 |     7 |     8 ||    39
       Shroud of Golubri |       |       |       |       |    10 |     7 |    13 |     9 |    10 ||    49
       Song of Slaying   |       |       |       |       |     4 |     6 |    13 |    11 |     7 ||    41
       Spectral Weapon   |       |       |       |       |       |       |    11 |     1 |     2 ||    14
       Mephitic Cloud    |       |       |       |       |       |       |       |     3 |       ||     3
       Animate Skeleton  |       |       |       |       |       |       |       |     1 |       ||     1
Invok: Heroism           |       |       |    19 |    35 |    33 |    13 |     4 |     5 |    12 ||   121
       Finesse           |       |       |       |     1 |     8 |    15 |    12 |    13 |    37 ||    86
Evoke: Wand              |     1 |     2 |    10 |    15 |    17 |    11 |     3 |     9 |     3 ||    71
       Lightning rod     |       |       |       |       |       |     4 |     3 |       |       ||     7
       Phantom mirror    |       |       |       |       |       |     1 |       |     1 |       ||     2
  Use: Scroll            |     6 |     6 |     8 |    15 |    12 |    14 |    11 |    11 |    33 ||   116
       Potion            |     1 |       |     5 |     6 |     4 |    13 |     3 |     8 |    33 ||    73
 Stab: Confused          |       |     1 |       |       |     7 |     2 |       |     3 |       ||    13
       Sleeping          |       |       |       |     2 |       |       |     1 |    12 |       ||    15
       Distracted        |       |       |       |       |     1 |       |     1 |     2 |     2 ||     6
       Invisible         |       |       |       |       |       |       |       |     6 |       ||     6
  Eat: Chunk             |     4 |     6 |    18 |    22 |    21 |    19 |    26 |    18 |     8 ||   142
       Ration            |     1 |     1 |     2 |     2 |     5 |     9 |     8 |    10 |    19 ||    57
Armor: Robe              |    48 |    18 |    49 |       |       |       |       |       |       ||   115
       Ring mail         |       |       |     4 |    46 |   256 |   460 |   462 |   168 |       ||  1396
       Troll leather arm |       |       |       |   129 |    14 |       |       |       |       ||   143
       Skin              |       |       |       |    20 |       |       |       |       |     3 ||    23
       Scale mail        |       |       |       |       |    31 |       |       |       |       ||    31
       Fire dragon scale |       |       |       |       |       |       |       |   277 |   298 ||   575
       Chain mail        |       |       |       |       |       |       |       |       |  1061 ||  1061
Dodge: Dodged            |   109 |    56 |   189 |   268 |   436 |   551 |   601 |   642 |  1630 ||  4482
Block: Other             |       |       |       |       |       |       |       |       |    17 ||    17
